 Dungeon Crawl Stone Soup version 0.28.0-1-gb440e238dd (webtiles) character file.

Game seed: 2671752478693209196

220 Ablot the Grasshopper (level 5, -1/43 HPs)
             Began as a Gnoll Warper on Feb 24, 2022.
             Succumbed to a hobgoblin's poison
             ... on level 3 of the Dungeon.
             The game lasted 00:05:33 (4598 turns).

Ablot the Grasshopper (Gnoll Warper)                Turns: 4598, Time: 00:05:34

Health: -1/43      AC:  6    Str: 12    XL:     5   Next: 97%
Magic:  11/12      EV: 12    Int: 13    God:
Gold:   57         SH:  0    Dex: 17    Spells: 12/14 levels left

rFire   + . .      SeeInvis .   a - +0 spear
rCold   . . .      Faith    .   (no shield)
rNeg    . . .      Spirit   .   p - +1 ring mail {rF+}
rPois   .          Reflect  .   (no helmet)
rElec   .          Harm     .   (no cloak)
rCorr   .          Rampage  .   (no gloves)
Will    .....                   (no boots)
Stlth   +.........              (no amulet)
HPRegen 0.14/turn               o - +6 ring of dexterity
MPRegen 0.13/turn               (no ring)

@: lethally poisoned (-1 -> -12)
A: fangs 1, strong nose, distributed training
a: no special abilities


You were on level 3 of the Dungeon.
You visited 1 branch of the dungeon, and saw 3 of its levels.

You collected 57 gold pieces.

Inventory:

Hand Weapons
 a - a +0 spear (weapon)
Missiles
 d - 5 boomerangs of dispersal
 e - 2 javelins (quivered)
 h - 4 stones
 s - 4 poisoned darts
Armour
 p - a +1 ring mail of fire resistance (worn)
Magical Staves
 b - a staff of death
Jewellery
 o - a +6 ring of dexterity (left hand)
Scrolls
 c - 3 scrolls of blinking
 g - a scroll of teleportation {unknown}
 i - a scroll of amnesia {unknown}
 j - a scroll of immolation {unknown}
 l - 6 scrolls of identify {unknown}
 q - a scroll of summoning {unknown}
 v - 2 scrolls of magic mapping {unknown}
Potions
 f - a potion of degeneration {unknown}
 k - a potion of magic {unknown}
 m - a potion of invisibility {unknown}
 n - a potion of flight {unknown}
 r - a potion of lignification {unknown}
 t - a potion of haste {unknown}
 u - a potion of curing {unknown}


   Skills:
 + Level 4.9 Fighting
 + Level 1.7 Short Blades
 + Level 1.7 Long Blades
 + Level 1.7 Axes
 + Level 1.7 Maces & Flails
 + Level 4.9 Polearms
 + Level 1.7 Staves
 + Level 1.7 Slings
 + Level 1.7 Bows
 + Level 1.7 Crossbows
 + Level 3.1 Throwing
 + Level 3.1 Armour
 + Level 4.9 Dodging
 + Level 1.7 Stealth
 + Level 1.7 Shields
 + Level 1.7 Unarmed Combat
 + Level 5.2 Spellcasting
 + Level 1.3 Conjurations
 + Level 1.3 Hexes
 + Level 1.3 Summonings
 + Level 1.3 Necromancy
 + Level 5.6 Translocations
 + Level 1.3 Transmutations
 + Level 1.3 Fire Magic
 + Level 1.3 Ice Magic
 + Level 1.3 Air Magic
 + Level 1.3 Earth Magic
 + Level 1.3 Poison Magic
 + Level 1.9 Invocations
 + Level 1.7 Evocations


You had 12 spell levels left.
You knew the following spells:

 Your Spells              Type           Power      Damage    Failure   Level
a - Blink                 Tloc           36%        N/A       6%          2

Your spell library contained the following spells:

 Spells                   Type           Power      Damage    Failure   Level
 Gell's Gravitas          Tloc           18%        N/A       12%         3
 Lesser Beckoning         Tloc           18%        N/A       12%         3
 Teleport Other           Tloc           18%        N/A       12%         3
 Manifold Assault         Tloc           18%        N/A       71%         5


Dungeon Overview and Level Annotations

Branches:
Dungeon (3/15)

Altars:

Shops:
D:2 [


Innate Abilities, Weirdness & Mutations

You have very sharp teeth.
Your uncanny sense of smell can sniff out nearby items.
Your experience applies equally to all skills.


Message History

You hit the goblin.
You kill the goblin!
A hobgoblin comes into view.
It is wielding a +0 spear and quivering poisoned darts.
The hobgoblin barely misses you.
You hit the hobgoblin.
The hobgoblin is lightly wounded.
The hobgoblin hits you with a +0 spear. The ogre hits you but does no damage.
You hit the hobgoblin but do no damage.
You bite the hobgoblin, but do no damage.
The hobgoblin is lightly wounded.
The hobgoblin closely misses you.
You barely miss the hobgoblin. You bite the hobgoblin.
The hobgoblin is moderately wounded.
The ogre hits you with a +0 giant club!
The hobgoblin hits you but does no damage.
You barely miss the hobgoblin.
The hobgoblin is lightly wounded.
The ogre hits you with a +0 giant club!
* * * LOW HITPOINT WARNING * * *
You closely miss the hobgoblin.
The hobgoblin is lightly wounded.
The hobgoblin closely misses you.
Casting: Blink (safe; 6% risk of failure)
Confirm with . or Enter, or press ? or * to list all spells.
You blink.
The hobgoblin closely misses you.
The hobgoblin throws a poisoned dart.
The poisoned dart hits you!
You are poisoned.
* * * LOW HITPOINT WARNING * * *
You feel very sick.
You feel stable enough to blink again.
You feel sick.
The hobgoblin throws a poisoned dart.
The poisoned dart hits you!
You are lethally poisoned!
* * * LOW HITPOINT WARNING * * *
You feel very sick.
The hobgoblin throws a poisoned dart.
The poisoned dart barely misses you.
* * * LOW HITPOINT WARNING * * *
You feel very sick.
There is a stone staircase leading up here.
You die...

.........####g##.....##.#
#[...
######...###.O.........#
#.... ##.###...###.g...####
#.... ##.## ##..# ##gO.##
##... #.## ##.# #...# ##..
#####.# #.# #...# ###
...##.## ##.# #...# #
...###.## ##..####...##### #
...####.###.....@........###
###
....##.....................#
#..
............^#...........#.#
#.#
....##........####...#####.#
#.# ....##........# #...#
#.####.# #.#...........#
#...# #.#.....
#.####.##....## #...#
#.#.##.# #.####.......#
##.######.#.##..
#......##.####
#..............


There were no monsters in sight!

Vanquished Creatures
  Natasha (thrice) (D:2)
  Terence (D:2)
  3 adders
  A gnoll (D:1)
  A worm (D:2)
  2 dart slugs
  An orc (D:3)
  11 ball pythons
  4 endoplasms
  2 giant cockroaches (D:2)
  6 goblins
  4 hobgoblins
  12 jackals
  6 kobolds
  4 quokkas
  7 bats
  5 frilled lizards
  7 rats
80 creatures vanquished.

Notes
Turn   | Place    | Note
-------+----------+-------------------------------------------
     0 | D:1      | Ablot the Gnoll Warper began the quest for the Orb.
     0 | D:1      | Reached XP level 1. HP: 20/20 MP: 6/6
   388 | D:1      | Reached XP level 2. HP: 26/26 MP: 7/7
   647 | D:1      | Reached XP level 3. HP: 8/31 MP: 9/9
   970 | D:1      | Reached skill level 5 in Spellcasting
  1181 | D:1      | Reached skill level 1 in Invocations
  1314 | D:1      | Reached skill level 1 in Short Blades
  1314 | D:1      | Reached skill level 1 in Long Blades
  1314 | D:1      | Reached skill level 1 in Axes
  1314 | D:1      | Reached skill level 1 in Maces & Flails
  1314 | D:1      | Reached skill level 1 in Staves
  1314 | D:1      | Reached skill level 1 in Slings
  1314 | D:1      | Reached skill level 1 in Bows
  1314 | D:1      | Reached skill level 1 in Crossbows
  1314 | D:1      | Reached skill level 1 in Stealth
  1314 | D:1      | Reached skill level 1 in Shields
  1314 | D:1      | Reached skill level 1 in Unarmed Combat
  1314 | D:1      | Reached skill level 1 in Evocations
  1478 | D:1      | Found a faded altar of an unknown god.
  1692 | D:2      | Reached XP level 4. HP: 17/38 MP: 11/11
  2201 | D:2      | Noticed Terence
  2227 | D:2      | Killed Terence
  2228 | D:2      | Reached skill level 1 in Conjurations
  2228 | D:2      | Reached skill level 1 in Hexes
  2228 | D:2      | Reached skill level 1 in Summonings
  2228 | D:2      | Reached skill level 1 in Necromancy
  2228 | D:2      | Reached skill level 1 in Transmutations
  2228 | D:2      | Reached skill level 1 in Fire Magic
  2228 | D:2      | Reached skill level 1 in Ice Magic
  2228 | D:2      | Reached skill level 1 in Air Magic
  2228 | D:2      | Reached skill level 1 in Earth Magic
  2228 | D:2      | Reached skill level 1 in Poison Magic
  2682 | D:2      | Found Ycimapn's Antique Armour Shop.
  2772 | D:2      | Noticed Natasha
  2783 | D:2      | Killed Natasha
  2784 | D:2      | Reached XP level 5. HP: 36/43 MP: 12/12
  3390 | D:2      | Noticed Natasha
  3406 | D:2      | Killed Natasha
  3655 | D:2      | Noticed Natasha
  3671 | D:2      | Killed Natasha
  4280 | D:3      | Learned a level 2 spell: Blink
  4537 | D:3      | Noticed an ogre
  4597 | D:3      | HP: 1/43 [poisoned by a hobgoblin]
  4598 | D:3      | Succumbed to a hobgoblin's poison

Illustrated notes

Levels and vault maps discovered:
D:1:      psy_arrival_fountain, layout_basic,
          hellmonk_ecumenical_altar_inner_sanctum
D:2:      layout_loops_ring, serial_shops, shop, minmay_pentomino_pile,
          uniq_natasha, uniq_terence
D:3:      layout_loops_cross, minmay_ogre_servants

Skill      XL: |  1  2  3  4  5 |
---------------+----------------+-----
Spellcasting   | 5 |  5.2
Invocations    | 1 |  1.9
Short Blades   | 1 |  1.7
Long Blades    | 1 |  1.7
Axes           | 1 |  1.7
Maces & Flails | 1 |  1.7
Staves         | 1 |  1.7
Slings         | 1 |  1.7
Bows           | 1 |  1.7
Crossbows      | 1 |  1.7
Stealth        | 1 |  1.7
Shields        | 1 |  1.7
Unarmed Combat | 1 |  1.7
Evocations     | 1 |  1.7
Conjurations   | 1 |  1.3
Hexes          | 1 |  1.3
Summonings     | 1 |  1.3
Necromancy     | 1 |  1.3
Transmutations | 1 |  1.3
Fire Magic     | 1 |  1.3
Ice Magic      | 1 |  1.3
Air Magic      | 1 |  1.3
Earth Magic    | 1 |  1.3
Poison Magic   | 1 |  1.3
Throwing       | 3 |  3.1
Armour         | 3 |  3.1
Fighting       | |  4.9
Polearms       | |  4.9
Dodging        | |  4.9
Translocations | |  5.6

Action                   |  1- 3 |  4- 6 || total
-------------------------+-------+-------++-------
Melee: Spear             |   184 |   179 ||   363
       Bite              |    18 |    15 ||    33
       Punch             |     2 |     2 ||     4
Throw: Javelin           |       |     3 ||     3
 Cast: Blink             |       |     1 ||     1
 Stab: Sleeping          |     3 |     4 ||     7
Armor: Leather armour    |    40 |     1 ||    41
       Ring mail         |       |    39 ||    39
Dodge: Dodged            |   105 |    84 ||   189
